 Dungeon Crawl Stone Soup version 0.30.1-11-g7821555f0a (webtiles) character file.

Game seed: 2029933482585333256

369 FakeRyeBread the Ruffian (level 6, -21/61 HPs)
             Began as a Troll Fighter on Nov 15, 2023.
             Demolished by an ogre
             ... wielding a +0 giant club
              (69 damage)
             ... on level 4 of the Dungeon.
             The game lasted 00:05:44 (3123 turns).

FakeRyeBread the Ruffian (Troll Fighter)            Turns: 3123, Time: 00:05:45

Health: -21/61     AC:  5    Str: 25    XL:     6   Next: 41%
Magic:  5/5        EV:  1    Int:  6    God:
Gold:   244        SH:  0    Dex:  9    Spells: 5/5 levels left

rFire   . .          .
                       - Unarmed
rCold   . . .        b - +0 kite shield
rNeg    . . .        a - +0 robe
rPois   .            (helmet restricted)
rElec   .            d - +0 cloak
rCorr   .            (gloves unavailable)
SInv    .            (boots unavailable)
Will    .....        (no amulet)
Stlth   +            (no ring)
HPRegen 1.10/turn    (no ring)
MPRegen 0.09/turn

%: no passive effects
@: sleeping
A: large, unfitting armour, claws 3, regeneration 1, shaggy fur 1, tough skin 1
a: no special abilities


You were on level 4 of the Dungeon.
You visited 1 branch of the dungeon, and saw 4 of its levels.

You collected 244 gold pieces.

Inventory:

Missiles
 e - 4 poisoned darts (quivered)
Armour
 a - a +0 robe (worn)
 b - a +0 kite shield (worn)
 d - a +0 cloak (worn)
Jewellery
 m - a ring of wizardry
Scrolls
 g - a scroll of amnesia
Potions
 c - a potion of might
 f - 5 potions of curing
 h - a potion of brilliance {unknown}
 i - 3 potions of mutation
 j - a potion of flight {unknown}
 n - a potion of degeneration {unknown}


   Skills:
 + Level 3.6 Fighting
 - Level 2.4 Dodging
 + Level 4.0 Shields
 * Level 5.0 Unarmed Combat


You had 5 spell levels left.
You didn't know any spells.
Your spell library contained the following spells:

 Spells                   Type           Power      Damage    Failure   Level
 Freeze                   Ice            0%         1d3       71%         1
 Frozen Ramparts          Ice            0%         1d1       97%         3
 Hailstorm                Conj/Ice       0%         3d3       97%         3


Dungeon Overview and Level Annotations

Branches:
Dungeon (4/15)
 Temple: D:4-7

Altars:
The Shining One

Shops:
D:3 [


Innate Abilities, Weirdness & Mutations

You are too large for most types of armour.
You have claws for hands.
Your natural rate of healing is unusually fast.
You are covered in fur. (AC +1)
You have tough skin. (AC +1)


Message History

You claw the ogre!
You kill the ogre!
You have reached level 6!
You feel stronger.
HP restored.
A scorpion comes into view.
You claw the scorpion!
The scorpion is heavily wounded.
The scorpion stings you but does no damage.
You claw the scorpion!
You kill the scorpion!
Your Shields skill increases to level 4!
Your Unarmed Combat skill increases to level 5!
No target in view!
No target in view!
You see here a scorpion corpse.
You now have 244 gold pieces (gained 15).
You see here a scorpion corpse.
Found a stone staircase leading up.
You see here a scorpion corpse.
An ogre comes into view. It is wielding a +0 giant club.
The ogre shouts!
An ogre is nearby!
A sleepcap comes into view.
A phantom comes into view.
The ogre hits you with a +0 giant club.
You barely miss the ogre. The ogre hits you with a +0 giant club!
You scratch the ogre.
The ogre is lightly wounded.
You claw the ogre!
The ogre is moderately wounded.
The ogre barely misses you.
You claw the ogre!
The ogre is severely wounded.
The sleepcap releases spores at you.
You are engulfed in a cloud of soporific spores!
You fall asleep.
The ogre hits you with a +0 giant club!!!
Ouch! That really hurt!
You die...

###### #.....
############+####
#.####
......f..........
#.####
.....WO@...#.#
#.#<....
.........$.#.#
#.#.####
#########....##
#.#..... #.##..#
#.###### #+##..#
#.# #..# #.#
#..###.######
#............
###.##.######


You could see an ogre, a phantom and a sleepcap.

Vanquished Creatures
  An ogre (D:4)
  A scorpion (D:4)
  A hound (D:4)
  Crazy Yiuf (D:3)
  2 iguanas
  Robin (D:2)
  2 adders (D:3)
  2 ufetubi
  3 worms
  2 dart slugs
  2 ball pythons
  4 endoplasms
  8 goblins
  8 hobgoblins
  4 jackals (D:3)
  6 kobolds
  4 quokkas
  7 bats
  A frilled lizard (D:3)
  6 rats
66 creatures vanquished.

Vanquished Creatures (others)
  A goblin (D:2)
1 creature vanquished.

Grand Total: 67 creatures vanquished

Notes
Turn   | Place    | Note
-------+----------+-------------------------------------------
     0 | D:1      | FakeRyeBread the Troll Fighter began the quest for the Orb.
     0 | D:1      | Reached XP level 1. HP: 22/22 MP: 0/0
    12 | D:1      | Noticed a centaur
   152 | D:1      | Reached XP level 2. HP: 29/29 MP: 1/1
   759 | D:2      | Reached skill level 3 in Unarmed Combat
   759 | D:2      | Reached XP level 3. HP: 23/36 MP: 2/2
   759 | D:2      | Noticed Robin
   824 | D:2      | Killed Robin
   825 | D:2      | Reached XP level 4. HP: 38/44 MP: 3/3
  1686 | D:3      | Identified the +2 spear "Giseam" {flame, MP+9}
  1813 | D:3      | Reached skill level 4 in Unarmed Combat
  1813 | D:3      | Reached XP level 5. HP: 51/53 MP: 4/4
  1888 | D:3      | Found Siud's Antique Armour Emporium.
  2196 | D:3      | Found a runed translucent door.
  2197 | D:3      | Noticed Crazy Yiuf
  2226 | D:3      | Found a glowing golden altar of the Shining One.
  2521 | D:3      | Killed Crazy Yiuf
  3010 | D:4      | Noticed an ogre
  3018 | D:4      | Killed an ogre
  3019 | D:4      | Reached XP level 6. HP: 55/61 MP: 5/5
  3031 | D:4      | Reached skill level 5 in Unarmed Combat
  3123 | D:4      | Demolished by an ogre

Illustrated notes

Levels and vault maps discovered:
D:1:      evilmike_arrival_come_back, layout_loops_cross
D:2:      layout_rooms, uniq_robin
D:3:      layout_loops_ring, nicolae_tso_swordbearing_angel, serial_shops, shop,
          serial_rivers, chequers_serial_rivers_micro_b,
          chequers_serial_rivers_micro_e, chequers_serial_rivers_large_b,
          chequers_serial_rivers_micro_a, chequers_serial_rivers_small_b,
          chequers_serial_rivers_marsh, uniq_crazy_yiuf_cottage
D:4:      layout_basic

Skill      XL: |  1  2  3  4  5  6 |
---------------+-------------------+-----
Shields        | 3 4 |  4.0
Unarmed Combat | 3 4 5 |  5.0
Fighting       | 3 |  3.6
Dodging        | |  2.4

Action                     |  1- 3 |  4- 6 || total
---------------------------+-------+-------++-------
  Melee: Unarmed           |    74 |   116 ||   190
    Use: Scroll            |       |     7 ||     7
   Stab: Sleeping          |     1 |     1 ||     2
 Armour: Robe              |    42 |    33 ||    75
  Dodge: Dodged            |    25 |    33 ||    58
  Block: Kite shield       |    40 |    41 ||    81
